cohdb
Replays
Latest Replays
All Replays
Popular Replays
Top Player Replays
Match Explorer
How It Works
Community
CoH3 Stats
Reddit
Sign in to upload your games and track your stats! →
Sign in with Steam
Match 44501114
Unlisted
Match 44501114
Overview
Messages
Build Orders
End
Construct Barracks
1⁄4-ton 4x4 Truck
Riflemen Squad
Riflemen Squad
M1 Mortar Team
Riflemen Squad
Grenade Package
Construct Medical Station
Construct Weapon Support Center
Bazooka Squad
Infantry Support Center
M1919 Machine Gun Team
M1918 Browning Automatic Rifles
Construct Tank Depot
Selects Heavy Weapons
Selects Assault Carriers
Selects Halftrack Strongpoints
M4A1 Sherman Medium Tank
M4A1 Sherman Medium Tank
M3 Assault Carrier
Selects M26 Pershing Heavy Tank
M26 Pershing Heavy Tank
Riflemen Squad
Selects M2HB .50cal Heavy Machine Gun
Selects Rapid Reposition
Selects Black Dragon Artillery Barrage
M3 Assault Carrier
Engineer Squad
Advanced Logistics
Riflemen Squad
Black Dragon Artillery Barrage
M4(105) Sherman Bulldozer
Engineer Squad
Black Dragon Artillery Barrage
Engineer Squad
Genki
therealfuzzmonkey
Grenadier93
israelus222
0
0
Comments
sign in to comment!
No comments posted yet!